 Dungeon Crawl Stone Soup version 0.31.0-11-ge490571c62 (webtiles) character file.

Game seed: 16182613973822167479

4 whisky0809 the Sneak (level 1, 0/17 HPs)
             Began as a Formicid Brigand on Feb 5, 2024.
             Slain by a hobgoblin (2 damage)
             ... on level 1 of the Dungeon.
             The game lasted 00:00:59 (94 turns).

whisky0809 the Sneak (Formicid Brigand)               Turns: 94, Time: 00:01:00

Health: 0/17       AC:  3    Str: 15    XL:     1   Next: 66%
Magic:  1/1        EV: 11    Int: 10    God:
Gold:   3          SH:  0    Dex: 15    Spells: 0/0 levels left

rFire   . . .        a - +2 dagger
rCold   . . .        (no shield)
rNeg    . . .        b - +0 robe
rPois   .            (helmet unavailable)
rElec   .            c - +0 cloak
rCorr   .            (no gloves)
SInv    +            (no boots)
Will    .....        (no amulet)
Stlth   +++          (no ring)
HPRegen 0.22/turn    (no ring)
MPRegen 0.07/turn

%: no passive effects
@: no status effects
A: permanent stasis, dig shafts and tunnels, antennae 3, four strong arms
a: Dig, Shaft Self


You were on level 1 of the Dungeon.
You visited 1 branch of the dungeon, and saw 1 of its levels.

You collected 3 gold pieces.

Inventory:

Hand Weapons
 a - a +2 dagger (weapon)
Missiles
 d - 8 poisoned darts (quivered)
 e - 3 curare-tipped darts
Armour
 b - a +0 robe (worn)
 c - a +0 cloak (worn)
Potions
 f - a potion of curing {unknown}


   Skills:
 + Level 2.3 Fighting
 + Level 2.0 Short Blades
 + Level 2.0 Throwing
 + Level 0.8 Dodging
 + Level 5.0 Stealth


You couldn't memorise any spells.
You didn't know any spells.
Your spell library was empty.

Dungeon Overview and Level Annotations

Branches:
Dungeon (1/15)

Altars:


Innate Abilities, Weirdness & Mutations

You cannot be hasted, slowed, berserked, paralysed or teleported.
You can dig through walls and to a lower floor.
You have a pair of large antennae on your head. (SInv)
Your four strong arms can wield two-handed weapons with a shield.


Message History

The hobgoblin hits you but does no damage.
You are too injured to fight recklessly!
You are too injured to fight recklessly!
The endoplasm attacks as it pursues you!
The endoplasm closely misses you.
The endoplasm attacks as it pursues you!
The endoplasm closely misses you.
The hobgoblin attacks as it pursues you!
The hobgoblin closely misses you.
The endoplasm attacks as it pursues you!
The endoplasm barely misses you. The rat attacks as it pursues you!
The rat barely misses you.
The endoplasm attacks as it pursues you!
The endoplasm barely misses you.
The hobgoblin attacks as it pursues you!
The hobgoblin hits you.
* * * LOW HITPOINT WARNING * * *
The quokka attacks as it pursues you! The quokka bites you.
* * * LOW HITPOINT WARNING * * *
The hobgoblin attacks as it pursues you!
The hobgoblin hits you but does no damage.
The quokka attacks as it pursues you! The quokka misses you.
The hobgoblin attacks as it pursues you!
The hobgoblin hits you but does no damage.
A goblin comes into view. It is wielding a +0 dagger.
The hobgoblin attacks as it pursues you!
The hobgoblin closely misses you.
Found a short sword.
The goblin shouts!
You hear a shout!
The quokka attacks as it pursues you! The quokka misses you.
The quokka closely misses you.
A kobold comes into view. It is wielding a +0 club.
The goblin hits you with a +0 dagger.
* * * LOW HITPOINT WARNING * * *
The kobold throws a stone.
The stone barely misses you.
The stone hits the quokka but does no damage.
The goblin attacks as it pursues you! The goblin hits you but does no damage.
The hobgoblin attacks as it pursues you!
The hobgoblin hits you.
You die...

# ........... #
..........
#############.......#
...........)........#
....................# .
....... ...........#...
...##########..g........
............r.Sr@......#
.............J.g.......#
..............#####K....
....†.........# ....
....†........... ...
#................ ..
##'###########.### .
........##... .#
......#......


You could see an endoplasm, a quokka, a hobgoblin, a goblin, a ball python, a
kobold and a rat.

Vanquished Creatures
  2 ball pythons (D:1)
  A bat (D:1)
  A rat (D:1)
4 creatures vanquished.

Notes
Turn   | Place    | Note
-------+----------+-------------------------------------------
     0 | D:1      | whisky0809 the Formicid Brigand began the quest for the
                  | Orb.
     0 | D:1      | Reached XP level 1. HP: 16/16 MP: 1/1
    54 | D:1      | Reached skill level 5 in Stealth
    94 | D:1      | Slain by a hobgoblin

Illustrated notes

Levels and vault maps discovered:
D:1:      minmay_arrival_stair_chambers, layout_basic

Skill      XL: |  1 |
---------------+----+-----
Stealth        | 5 |  5.0
Fighting       | |  2.3
Short Blades   | |  2.0
Throwing       | |  2.0
Dodging        | |  0.8

Action                     || total
---------------------------++-------
  Melee: Dagger            ||    19
  Throw: Dart              ||     6
 Armour: Robe              ||    23
  Dodge: Dodged            ||    24
